 Dungeon Crawl Stone Soup version 0.30.1-3-gfc49f6343a (webtiles) character file.

Game seed: 10045898289461103974

3887 shmup the Arsonist (level 10, -3/58 (59) HPs)
             Began as a Tengu Fire Elementalist on July 26, 2023.
             Was a Believer of Makhleb.
             Slain by a killer bee (8 damage)
             ... on level 8 of the Dungeon.
             The game lasted 00:31:09 (10821 turns).

shmup the Arsonist (Tengu Fire Elementalist)       Turns: 10821, Time: 00:31:10

HP:   -3/58 (59)    AC:  6    Str:  8    XL:     10   Next: 19%
MP:   2/14          EV: 17    Int: 20    God:    Makhleb [**....]
Gold: 1394          SH:  0    Dex: 15    Spells: 0/13 levels left

rFire   + . .        a - staff of fire "Ykadghuka" {rF+ rC++}
rCold   + + .        (no shield)
rNeg    . . .        v - +1 robe
rPois   .            (helmet restricted)
rElec   .            (no cloak)
rCorr   .            H - +2 pair of gloves
SInv    +            (boots unavailable)
Will    .....        Q - amulet of regeneration
Stlth   ++           T - ring of see invisible
HPRegen 1.09/turn    (no ring)
MPRegen 0.14/turn

%: no passive effects
@: lethally poisoned (-3 -> -4), flying quickly and evasively, studying Maces &
Flails, lightly drained, quick
A: beak, talons 3, nimble flight
a: Renounce Religion, Minor Destruction


You were on level 8 of the Dungeon.
You worshipped Makhleb.
Makhleb was pleased with you.
You visited 2 branches of the dungeon, and saw 9 of its levels.
You also visited: Ossuary.

You collected 1394 gold pieces.

Inventory:

Hand Weapons
 b - the +1 quarterstaff of Exchange {venom, +Blink MP+9}
   (You acquired it on level 2 of the Dungeon)

   MP:        It affects your magic capacity (+9).
   +Blink:    It lets you blink.
 l - a +0 dagger
 q - a +1 whip of electrocution
 u - a +0 heavy flail
 z - a +2 dagger of speed
 C - a +1 rapier of electrocution
Missiles
 d - 9 stones (quivered)
 x - 16 poisoned darts
 S - 6 javelins
Armour
 v - a +1 robe (worn)
 y - an orb of energy
 H - a +2 pair of gloves (worn)
Magical Staves
 a - the staff of fire "Ykadghuka" (weapon) {rF+ rC++}
   (You acquired it on level 2 of the Dungeon)

   [staff of fire]

   Base accuracy: +5 Base damage: 5 Base attack delay: 1.2 This weapon's minimum
   attack delay (0.6) is reached at skill level 12.
   rF:        It protects you from fire.
   rC:        It greatly protects you from cold.
   It falls into the 'Staves' category.
   It is a one-handed weapon.
Jewellery
 n - a ring of ice
 P - an amulet of the acrobat
 Q - an amulet of regeneration (around neck)
 T - a ring of see invisible (left hand)
Wands
 r - a wand of light (11)
 t - a wand of polymorph (5)
Scrolls
 f - a scroll of immolation
 g - a scroll of torment {unknown}
 i - a scroll of fog {unknown}
 s - a scroll of silence
 w - 3 scrolls of vulnerability
 J - a scroll of magic mapping {unknown}
 K - a scroll of amnesia {unknown}
Potions
 c - 5 potions of curing
 h - a potion of flight {unknown}
 j - a potion of lignification {unknown}
 m - 7 potions of brilliance
 o - a potion of haste {unknown}
 p - 3 potions of resistance
 D - 4 potions of heal wounds
 E - a potion of degeneration {unknown}
 F - 4 potions of mutation
 G - 2 potions of berserk rage
 I - a potion of cancellation {unknown}
 M - 2 potions of attraction
 R - a potion of invisibility {unknown}


   Skills:
 + Level 5.0 Fighting
 + Level 6.0 Dodging
 - Level 2.0 Stealth
 - Level 2.0 Spellcasting
 + Level 9.0 Conjurations
 - Level 2.0 Hexes
 + Level 0.8 Translocations
 * Level 11.2 Fire Magic


You couldn't memorise any spells.
You knew the following spells:

 Your Spells              Type           Power      Damage    Failure   Level
a - Foxfire               Conj/Fire      100%       2x1d9     1%          1
b - Scorch                Fire           100%       2d9       1%          2
c - Inner Flame           Hex/Fire       42%        N/A       3%          3
d - Volatile Blastmotes   Fire/Tloc      78%        2d16      4%          3
e - Flame Wave            Conj/Fire      59%        2d14      2%          4

Your spell library contained the following spells:

 Spells                   Type           Power      Damage    Failure   Level


Dungeon Overview and Level Annotations

Branches:
Dungeon (8/15)             Temple (1/1) D:4         Ossuary (visited)
   Lair: D:8-11

Altars:
Ashenzari
Dithmenos
Fedhas
Gozag
Hepliaklqana
Kikubaaqudgha
Makhleb
Nemelex Xobeh
Okawaru
Ru
Trog
Uskayaw
Wu Jian
Xom
Zin
The Shining One
Lugonu


Innate Abilities, Weirdness & Mutations

You have a beak for a mouth.
You have claws for feet.
Your magical nature lets you fly swiftly and evasively.


Message History

The killer bee attacks as you move away!
The killer bee stings you.
* * * LOW HITPOINT WARNING * * *
You are poisoned.
The killer bee poisons you!
You feel very sick. The killer bee barely misses you.
Casting: Foxfire (safe; 1% risk of failure)
Confirm with . or Enter, or press ? or * to list all spells.
Okay, then.
Unknown command.
Casting: Foxfire (safe; 1% risk of failure)
Confirm with . or Enter, or press ? or * to list all spells.
You feel a surge of power!
Flames lash the killer bee.
The killer bee is severely wounded.
The killer bee's fire resistance burns away.
You feel sick.
The killer bee stings you but does no damage.
The killer bee closely misses you.
Casting: Scorch (safe; 1% risk of failure)
Confirm with . or Enter, or press ? or * to list all spells.
You feel a surge of power!
Flames lash the killer bee.
You kill the killer bee!
Makhleb accepts your kill.
You feel better.
You feel sick. The killer bee misses you. The killer bee completely misses you.
Unknown command.
You feel sick.
The killer bee attacks as you move away!
The killer bee misses you.
You feel sick. The killer bee stings you.
* * * LOW HITPOINT WARNING * * *
You are more poisoned.
The killer bee poisons you!
You feel very sick. The killer bee closely misses you.
You feel sick. The killer bee closely misses you.
The killer bee attacks as you move away!
The killer bee completely misses you.
You feel sick. The killer bee closely misses you. The killer bee stings you!
You die... ..... .▒ ....▒ . ...P ▒▒. ... ... ..▒ ▒.▒ ..▒▒.▒▒ ▒.▒ ....... ▒.▒ ▒ ▒▒Q▒▒ ▒ ▒ ▒▒▒▒▒yyy▒▒▒▒▒▒. .. ▒ . .......y........ ▒▒ .PPPP

PP.▒▒▒...▒▒▒▒▒▒▒ .....
o▒▒........ ▒▒....▒ .▒ ..▒
....P.PPP.P. ▒▒▒▒.▒ ..▒▒▒..
.▒..P.....PH...▒▒▒▒z▒ ...▒▒..
▒▒..P.._..P.........▒ ...!....
▒▒..P.....P....▒▒▒▒y▒▒▒▒▒..▒▒....


You could see 4 killer bees and a wight.

Vanquished Creatures
  Grinder (D:5)
  Sigmund (D:5)
  A wraith (D:5)
  3 black bears
  2 ice beasts (D:7)
  An orc warrior (D:6)
  A sky beast (D:6)
  A centaur (D:7)
  3 phantoms
  A kobold brigand (D:8)
  A gnoll sergeant (D:7)
  3 bullfrogs
  13 scorpions
  4 wights
  A killer bee (D:8)
  An electric eel (D:6)
  2 howler monkeys
  2 hounds
  2 centaur zombies (Ossuary)
  A gnoll bouda (D:5)
  5 human zombies (Ossuary)
  2 orc priests
  Natasha (twice) (D:2)
  A sleepcap (D:5)
  4 scorpion zombies (Ossuary)
  4 iguanas (D:5)
  Ijyb (D:5)
  Terence (D:2)
  4 mummies
  8 adders
  7 gnolls
  3 worms
  5 dart slugs
  9 orcs
  4 ball pythons
  6 endoplasms
  2 giant cockroaches
  8 hobgoblins
  5 jackals
  3 quokkas (D:2)
  3 bats
  5 frilled lizards
  7 goblins
  A goblin zombie (Ossuary)
  5 hobgoblin zombies (Ossuary)
  12 kobolds
  4 kobold zombies (Ossuary)
  An orc zombie (Ossuary)
  2 rats
169 creatures vanquished.

Vanquished Creatures (others)
  An angel (D:3)
  2 orc wizards (D:8)
  An orc (D:8)
  306 foxfires
310 creatures vanquished.

Grand Total: 479 creatures vanquished

Notes
Turn   | Place    | Note
-------+----------+-------------------------------------------
     0 | D:1      | shmup the Tengu Fire Elementalist began the quest for the
                  | Orb.
     0 | D:1      | Reached XP level 1. HP: 10/10 MP: 4/4
   282 | D:1      | Reached XP level 2. HP: 12/15 MP: 3/6
   286 | D:1      | Learned a level 2 spell: Scorch
   565 | D:1      | Reached skill level 4 in Fire Magic
  1049 | D:2      | Reached XP level 3. HP: 19/19 MP: 4/7
  1655 | D:2      | Noticed Terence
  1658 | D:2      | Killed Terence
  1659 | D:2      | Reached XP level 4. HP: 24/24 MP: 1/8
  1765 | D:2      | Noticed Natasha
  1774 | D:2      | Killed Natasha
  1775 | D:2      | Reached skill level 5 in Fire Magic
  1879 | D:2      | Noticed Natasha
  1900 | D:2      | Killed Natasha
  1901 | D:2      | Gained mutation: Your magical nature lets you fly swiftly
                  | and evasively. [Tengu growth]
  1901 | D:2      | Reached XP level 5. HP: 28/28 MP: 2/9
  1977 | D:2      | Identified 3 scrolls of acquirement
  1977 | D:2      | Acquired the staff of fire "Ykadghuka" {rF+ rC++}
  1978 | D:2      | Acquired the +1 quarterstaff of Exchange {venom, +Blink
                  | MP+9}
  1979 | D:2      | Acquired 1012 gold pieces
  2343 | D:3      | Found a broken altar of Ashenzari.
  2497 | D:3      | Killed an angel
  2691 | D:3      | Found a glowing silver altar of Zin.
  2747 | D:3      | Found a shimmering altar of Xom.
  3006 | D:3      | Reached skill level 6 in Fire Magic
  3440 | D:4      | Found a staircase to the Ecumenical Temple.
  3450 | Temple   | Entered the Ecumenical Temple
  3532 | Temple   | Became a worshipper of Makhleb the Destroyer
  3794 | D:4      | Reached XP level 6. HP: 32/32 MP: 5/10
  3886 | D:5      | Entered Level 5 of the Dungeon
  4049 | D:5      | Noticed Sigmund
  4061 | D:5      | Killed Sigmund
  4062 | D:5      | Reached skill level 5 in Conjurations
  4062 | D:5      | Reached skill level 7 in Fire Magic
  4062 | D:5      | Reached XP level 7. HP: 36/36 MP: 4/11
  4276 | D:5      | Found a glowing golden altar of the Shining One.
  4276 | D:5      | Noticed Ijyb
  4281 | D:5      | Killed Ijyb
  4507 | D:5      | Noticed Grinder
  4584 | D:5      | Reached skill level 8 in Fire Magic
  4688 | D:5      | Killed Grinder
  4689 | D:5      | Reached skill level 1 in Fighting
  4689 | D:5      | Reached XP level 8. HP: 29/43 MP: 3/12
  4894 | D:5      | Reached * piety under Makhleb
  4971 | D:5      | Noticed a wraith
  5244 | D:5      | Killed a wraith
  5455 | D:5      | Reached skill level 9 in Fire Magic
  5968 | D:6      | Found an opulent altar of Gozag.
  6420 | D:7      | Reached XP level 9. HP: 33/51 MP: 4/13
  6614 | D:7      | Found a sparkling altar of Nemelex Xobeh.
  6875 | D:7      | Found a sand-covered staircase.
  6883 | Ossuary  | Entered an ossuary
  7094 | Ossuary  | Reached skill level 10 in Fire Magic
  7597 | Ossuary  | Learned a level 3 spell: Inner Flame
  7620 | Ossuary  | Reached skill level 5 in Dodging
  8329 | Ossuary  | Reached skill level 1 in Hexes
  8760 | D:7      | Reached ** piety under Makhleb
  9398 | D:6      | Found an ancient bone altar of Kikubaaqudgha.
  9598 | D:6      | Reached XP level 10. HP: 58/58 MP: 7/14
  9679 | D:6      | Reached skill level 11 in Fire Magic
 10030 | D:6      | Learned a level 3 spell: Volatile Blastmotes
 10035 | D:6      | Learned a level 4 spell: Flame Wave
 10692 | D:8      | Reached skill level 5 in Fighting
 10716 | D:8      | Found a blossoming altar of Fedhas.
 10718 | D:8      | Noticed a manticore
 10747 | D:8      | Found a shadowy altar of Dithmenos.
 10821 | D:8      | Slain by a killer bee

Illustrated notes

Levels and vault maps discovered:
D:1:      dpeg_arrival_arbitrary_a, layout_basic
D:2:      layout_loops_cross, uniq_natasha, uniq_terence
D:3:      layout_loops_ring, grunt_temple_overflow_order_and_chaos_1,
          ashenzari_altar_1
D:4:      layout_rooms, mainiacjoe_overflow_paths, slow_altar_2,
          minmay_temple_entry_mist
D:5:      minmay_angry_zag, layout_loops_ring,
          mainiacjoe_overflow_six_doors_small, minivault_14, uniq_ijyb,
          uniq_grinder, uniq_sigmund
D:6:      nicolae_cairo_tiling_large, layout_basic, lemuel_round_altar,
          lemuel_round_altar, kennysheep_cluttered_room
D:7:      layout_basic, mainiacjoe_overflow_24_doors, gup_ossuary_entry_pyramid
D:8:      layout_loops_ring, mainiacjoe_overflow_cross_hatched,
          nicolae_dithmenos_shadow_blocks, grunt_lair_entry_orc_guard_hut
Temple:   corrupted_temple

Skill      XL: |  1  2  3  4  5  6  7  8  9 10 |
---------------+-------------------------------+-----
Conjurations   | 2 3 4 5 6 7 8 9 |  9.0
Fire Magic     | 4 5 6 7 8 9 10 11 | 11.2
Fighting       | 1 3 4 5 |  5.0
Dodging        | 3 4 5 6 |  6.0
Hexes          | 1 2 |  2.0
Stealth        | |  2.0
Spellcasting   | |  2.0
Translocations | |  0.8

Action                     |  1- 3 |  4- 6 |  7- 9 | 10-12 || total
---------------------------+-------+-------+-------+-------++-------
  Melee: Unarmed           |     3 |       |       |       ||     3
         Kick              |     4 |     2 |     6 |       ||    12
         Whip              |     4 |     4 |       |       ||     8
         Dagger            |     3 |       |       |       ||     3
         Staff             |       |     5 |    14 |     7 ||    26
         Quarterstaff      |       |     4 |     3 |       ||     7
         Peck              |       |     2 |     4 |       ||     6
         Punch             |       |       |     1 |       ||     1
   Cast: Foxfire           |    55 |    41 |    68 |    16 ||   180
         Scorch            |     3 |    24 |   116 |    13 ||   156
         Inner Flame       |       |       |    23 |     8 ||    31
    Use: Scroll            |       |     3 |     9 |     7 ||    19
         Potion            |       |       |     4 |     3 ||     7
 Armour: Robe              |     2 |     3 |    18 |    18 ||    41
  Dodge: Dodged            |     8 |    24 |    63 |    81 ||   176
